AoeStats
← dorine6

Arabia

510152936Analyzed
1v1 RM · 4d ago on Sep 29, 2026· 54m 26s· 2 players
Game mode
Random Map
Map size
Tiny (2 player)
Population
200
Speed
Normal
Resources
Standard
Victory
Conquest
Starting age
Dark Age
Ending age
Imperial Age
RankedLock teamsTeams togetherTeam positionsShared explorationLock speedFull tech treeHidden civsTurbo modeCheats
Victory
Defeat
🇨🇿 Varangians · Czechia
714
+16
🇫🇷 Shu · France
705
-18
dorine6
4:26 Loom
12:41 Feudal Age
17:55 Double-Bit Axe
17:51 Horse Collar
20:19 Gold Mining
21:08 Fletching
21:18 Padded Archer Armor
25:52 Castle Age
26:30 Bodkin Arrow
26:51 Leather Archer Armor
27:05 Town Watch
26:56 Elite Skirmisher
27:41 Thumb Ring
29:10 Scale Mail Armor
30:22 Heavy Plow
34:32 Man-at-Arms
36:02 Ballistics
35:56 Murder Holes
40:38 Bow Saw
40:38 Herbal Medicine
42:09 Squires
44:54 Chain Mail Armor
51:44 Imperial Age
49:26 Forging
49:53 Gold Shaft Mining
49:08 Stone Mining
52:12 Scale Barding Armor
Lightning
7:59 Loom
10:25 Feudal Age
10:57 Double-Bit Axe
11:43 Man-at-Arms
15:18 Arson
15:41 Scale Mail Armor
17:56 Horse Collar
18:16 Fletching
23:36 Castle Age
22:38 Scale Barding Armor
25:07 Bodkin Arrow
26:55 Forging
26:46 Padded Archer Armor
26:52 Squires
27:47 Gambesons
29:20 Gold Mining
29:24 Stone Mining
31:24 Ballistics
32:50 Leather Archer Armor
37:25 Iron Casting
37:05 Chain Mail Armor
39:59 Bow Saw
40:02 Heavy Plow
41:28 Wheelbarrow
40:40 Town Watch
45:18 Imperial Age
43:34 Chain Barding Armor
43:59 Hand Cart
46:50 Bracer
47:51 Blast Furnace
47:28 Plate Barding Armor
47:24 Ring Archer Armor
46:54 Capped Ram
47:01 Elite Varangian Guard
50:03 Chemistry
49:58 Gothikon
49:58 Vendel Legacy
51:01 Conscription
50:05 Vendel Legacy
50:05 Gothikon
Connection lost

Rejoining the realm…

Still unreachable

The connection could not be restored.

Session expired

The server has moved on; the page needs a fresh start.